Map: Cactus Valley LE (Void)

Players

Javert

  • Race: Zerg Zerg
  • League: Grandmaster

Caihead - Winner!

  • Race: Terran Terran
  • League: Grandmaster

VOD

Have the link to the VOD?

Description

Time

  • Played on: July 11, 2015, 10:09 p.m.
  • Length: 11:49
Show
View Real Time Build Order
Export as new Build Order

Javert Zerg 

Build Orders: Hatch First, Muta Ling Bane 

Get SALT Encoding   

  12  0:01  Drone  
  13  0:12  Overlord  
  13  0:20  Drone  
  14  0:31  Drone x2  
  16  0:49  Hatchery  
  15  0:53  Drone  
  15  0:56  Extractor  
  16  0:57  Drone  
  16  1:00  Drone  
  17  1:10  Drone  
  18  1:22  Spawning Pool  
  18  1:23  Drone  
  18  1:31  Drone  
  19  1:46  Overlord  
  19  1:51  Drone  
  20  2:09  Queen x2  
  20  2:10  Metabolic Boost  
  20  2:11  Zergling x2  
  20  2:14  Zergling x2  
  26  2:27  Zergling x4  
  28  2:30  Drone x2  
  28  2:35  Spore Crawler  
  30  2:46  Drone x2  
  31  3:04  Drone x4, Overlord  
  35  3:22  Queen x2  
  38  3:44  Drone  
  38  3:45  Drone x5  
  44  3:52  Overlord x2  
  43  4:04  Zergling x2  
  43  4:16  Zergling x6  
  43  4:17  Zergling x10  
  51  4:20  Lair  
  51  4:22  Extractor  
  50  4:27  Extractor  
  50  4:28  Extractor  
  48  4:43  Overlord  
  48  5:02  Drone  
  48  5:03  Drone x11  
  60  5:12  Drone x2  
  62  5:25  Drone x2  
  64  5:28  Spire  
  64  5:30  Hatchery  
  64  5:34  Spine Crawler  
  61  5:38  Evolution Chamber  
  61  5:39  Drone x2  
  61  5:40  Evolution Chamber, Drone x7  
  63  6:11  Drone x5  
  67  6:13  Zerg Ground Armor Level 1, Zerg Melee Weapons Level 1  
  67  6:17  Baneling Nest  
  66  6:19  Overseer  
  66  6:35  Extractor  
  66  6:37  Extractor  
  64  6:55  Burrow  
  64  6:57  Drone x4  
  68  7:02  Zerg Flyer Weapons Level 1  
  68  7:07  Drone x5  
  73  7:09  Overlord x2  
  73  7:10  Pneumatized Carapace  
  73  7:21  Centrifical Hooks  
  73  7:26  Overlord x2  
  73  7:33  Overlord  
  73  7:34  Overlord x2, Mutalisk x7  
  73  7:35  Mutalisk  
  89  7:44  Zergling x16  
  89  7:48  Spine Crawler  
  89  7:49  Spine Crawler x2  
  89  7:50  Baneling x11  
  94  7:58  Spine Crawler  
  94  7:59  Spine Crawler, Zergling x2  
  94  8:02  Overseer  
  74  8:25  Mutalisk  
  74  8:26  Mutalisk x7  
  85  8:39  Drone  
  86  8:45  Zerg Melee Weapons Level 2  
  86  8:51  Baneling x4  
  86  8:52  Hatchery, Baneling  
  86  8:54  Hydralisk Den  
  86  8:55  Drone x4  
  86  8:56  Spine Crawler  
  87  9:08  Zergling x16  
  93  9:16  Mutalisk x2  
  96  9:33  Zergling x4  
  96  9:34  Zergling x22  
  109  9:42  Overlord x2  
  88  10:02  Baneling x3  
  88  10:03  Baneling x4  
  88  10:04  Mutalisk  
  88  10:05  Mutalisk x5, Lurker Den  
  89  10:20  Drone  
  89  10:21  Drone x6  
  89  10:31  Zergling x10  
  93  10:37  Zergling x2  
  88  11:00  Mutalisk x9  
  106  11:06  Baneling x4  
Show
View Real Time Build Order
Export as new Build Order

Caihead Terran - Winner!

Build Orders: Reaper Expand, MMM Bio 

Get SALT Encoding   

  12  0:01  SCV  
  13  0:13  SCV  
  14  0:21  Supply Depot  
  14  0:25  SCV  
  15  0:43  SCV  
  15  0:44  Barracks  
  15  0:47  Refinery  
  16  0:55  SCV  
  17  1:07  SCV  
  18  1:19  SCV  
  19  1:32  Orbital Command  
  19  1:33  Reaper  
  20  1:48  Command Center  
  20  2:03  SCV, Supply Depot  
  20  2:05  Reaper  
  22  2:15  SCV  
  23  2:26  Factory  
  23  2:27  SCV  
  24  2:39  SCV  
  26  2:51  SCV  
  26  2:54  Barracks Reactor  
  26  3:02  SCV  
  26  3:03  SCV  
  28  3:16  Orbital Command  
  28  3:23  Supply Depot  
  28  3:24  SCV  
  29  3:29  Command Center  
  29  3:37  SCV  
  29  3:40  Engineering Bay  
  30  3:45  Bunker  
  30  3:48  Supply Depot  
  30  3:49  SCV  
  30  3:53  SCV, Barracks Tech Lab  
  32  4:01  SCV  
  33  4:13  SCV x2  
  33  4:15  Hellion x2  
  38  4:19  Marine  
  39  4:25  SCV  
  39  4:26  Stimpack  
  39  4:29  SCV  
  41  4:32  Refinery, Barracks x2  
  41  4:42  Marine  
  41  4:43  Hellion x2  
  44  4:47  Orbital Command  
  44  4:52  Engineering Bay  
  44  4:57  Bunker  
  44  4:59  SCV x2  
  46  5:00  Bunker  
  46  5:02  Marauder  
  48  5:10  Engineering Bay  
  48  5:11  SCV  
  48  5:13  SCV x2  
  51  5:15  Starport  
  51  5:19  Marine x2  
  53  5:23  SCV, Marine  
  53  5:25  Refinery  
  53  5:27  Terran Infantry Weapons Level 1  
  55  5:32  Hellion x2  
  59  5:39  Barracks Reactor x2  
  59  5:47  Marauder  
  59  5:48  SCV x2  
  63  5:51  SCV  
  63  5:54  Terran Infantry Armor Level 1  
  64  5:58  Supply Depot  
  64  6:00  SCV x2  
  64  6:03  SCV  
  67  6:08  Hellion x2  
  67  6:10  Marauder  
  65  6:11  Medivac  
  65  6:13  SCV  
  65  6:14  SCV  
  65  6:15  SCV  
  65  6:16  Marine x4  
  65  6:17  Refinery  
  74  6:20  Supply Depot  
  74  6:21  Supply Depot  
  74  6:28  Armory  
  74  6:31  Marine  
  75  6:33  Missile Turret  
  75  6:39  SCV x2  
  77  6:40  Missile Turret  
  77  6:42  Missile Turret  
  77  6:47  SCV  
  77  6:49  Missile Turret  
  77  6:50  Widow Mine  
  77  6:51  SCV  
  77  6:54  Medivac  
  83  6:59  Orbital Command  
  83  7:04  Marine  
  83  7:05  Marine x4  
  88  7:16  SCV x2  
  88  7:20  Armory, Barracks  
  88  7:22  Barracks  
  90  7:26  SCV  
  90  7:29  Starport Reactor  
  91  7:31  Marine x2  
  91  7:34  Combat Shields  
  93  7:42  Terran Infantry Weapons Level 2  
  93  7:44  Supply Depot  
  93  7:45  Supply Depot  
  93  7:46  Widow Mine  
  93  7:47  Supply Depot, Widow Mine  
  93  7:48  Marine x3  
  100  8:02  Marine  
  100  8:05  Marine x2  
  100  8:06  Marauder, Medivac x2, Marine  
  98  8:15  Widow Mine  
  98  8:16  Widow Mine  
  93  8:20  Marine  
  93  8:23  Marine x3  
  92  8:27  Marine  
  92  8:33  SCV x3  
  93  8:36  Medivac  
  93  8:37  Barracks Reactor x2  
  93  8:38  Marine  
  93  8:40  Marine  
  95  8:43  Medivac  
  95  8:45  SCV x2  
  95  8:46  SCV  
  95  8:47  Refinery  
  100  8:49  Supply Depot  
  100  8:50  Supply Depot  
  100  8:51  Missile Turret  
  100  8:52  Barracks  
  100  8:53  Barracks  
  100  8:54  Marine  
  100  8:55  Marauder, Marine  
  104  8:57  SCV x2, Widow Mine  
  104  8:58  SCV  
  109  9:06  Medivac  
  111  9:12  Widow Mine  
  111  9:14  Marine x2, Medivac  
  111  9:15  Marine x6  
  111  9:16  Marine  
  124  9:25  Widow Mine  
  125  9:32  Marine x2  
  125  9:33  Marine x2  
  125  9:34  Marauder, Marine  
  132  9:44  Marine x2  
  132  9:45  Marine  
  135  9:50  Marine x2  
  135  9:51  Marine  
  120  9:56  Marauder  
  120  9:58  Marine x2  
  116  10:02  Marine x2  
  116  10:06  Widow Mine, Marine  
  114  10:07  Widow Mine  
  114  10:08  Marine x2  
  114  10:11  Marine  
  115  10:16  Marine x2  
  115  10:17  Marauder  
  115  10:18  SCV x3  
  115  10:20  Marine  
  123  10:22  Command Center, Barracks Reactor  
  123  10:25  Missile Turret  
  122  10:37  Marine x4  
  122  10:38  Marine x3  
  122  10:39  Marauder  
  122  10:42  Medivac  
  132  10:56  Marine x3  
  132  10:57  Marine  
  135  11:00  Marauder  
  135  11:01  Widow Mine x2  
  135  11:03  Marine x2  
  141  11:04  Marine  
  141  11:11  Medivac  
  140  11:12  Medivac  
  139  11:21  Marauder, Marine x3  
  139  11:24  Marine x8  
Tags
 
Add a new tag
Caveats
  • Supply blocks, unpowered buildings, or Contaminate may cause inaccurate times.
  • Supply counts are checked every 10 seconds.